 Dungeon Crawl Stone Soup version 0.23-a0-136-g722f094 (webtiles) character file.

7919 galech the Cleaver (level 11, -1/74 HPs)
             Began as a Demonspawn Berserker on Aug 28, 2018.
             Was a High Priest of Trog.
             Hit by a javelin of penetration thrown by Urug (6 damage)
             ... on level 10 of the Dungeon.
             The game lasted 00:11:25 (7687 turns).

galech the Cleaver (Demonspawn Berserker)           Turns: 7687, Time: 00:11:26

Health: -1/74      AC: 14    Str: 24    XL:     11   Next: 3%
Magic:  0/11       EV: 14    Int:  9    God:    Trog [*****.]
Gold:   444        SH: 17    Dex: 21    Spells: 10/10 levels left

rFire    . . .     SeeInvis .   N - +3 war axe (chop)
rCold    . . .     Gourm    .   s - +0 large shield
rNeg     . . .     Faith    .   x - +0 plate armour
rPois    .         Spirit   +   (helmet unavailable)
rElec    .         Reflect  .   G - scarf {Spirit}
rCorr    .         Harm     .   (no gloves)
MR       .....                  I - +0 pair of boots
Stlth    ..........             (no amulet)
HPRegen  0.22/turn              l - +4 ring of slaying
MPRegen  0.12/turn              b - +4 ring of evasion

@: mighty, agile, berserk cooldown, slowed, very slow
A: horns 3, thin skeletal structure 1, frail 1, powered by pain 1
a: Berserk, Trog's Hand, Brothers in Arms, Renounce Religion


You were on level 10 of the Dungeon.
You worshipped Trog.
Trog was extremely pleased with you.
You were near starving.

You visited 1 branch of the dungeon, and saw 10 of its levels.

You collected 444 gold pieces.

Inventory:

Hand Weapons
 A - a +1 hand axe of flaming
 N - a +3 war axe of chopping (weapon)
Armour
 s - a +0 large shield (worn)
 x - a +0 plate armour (worn)
 G - a scarf of spirit shield (worn)
 I - a +0 pair of boots (worn)
Jewellery
 b - a +4 ring of evasion (right hand)
 l - a +4 ring of slaying (left hand)
 m - a +6 ring of dexterity
 C - a +3 ring of strength
Wands
 w - a wand of random effects (51)
 z - a wand of digging (34)
 H - a wand of acid (5)
 M - a wand of iceblast (6)
Scrolls
 e - 13 scrolls of identify {unknown}
 h - 6 scrolls of teleportation {unknown}
 i - 6 scrolls of remove curse {unknown}
 k - a scroll of silence {unknown}
 o - 3 scrolls of fear {unknown}
 q - 3 scrolls of magic mapping {unknown}
 t - 3 scrolls of immolation {unknown}
 u - 2 scrolls of amnesia {unknown}
 y - a scroll of fog {unknown}
 E - a scroll of noise {unknown}
 F - a scroll of enchant weapon {unknown}
 L - a scroll of enchant armour {unknown}
Potions
 a - 2 potions of flight {unknown}
 d - a potion of lignification {unknown}
 f - a potion of mutation {unknown}
 g - a potion of haste {unknown}
 j - 3 potions of heal wounds {unknown}
 n - 2 potions of curing
 p - 2 potions of resistance {unknown}
 r - 2 potions of magic {unknown}
 B - 2 potions of degeneration {unknown}
 D - a potion of agility {unknown}
 J - a potion of brilliance {unknown}
Comestibles
 c - 19 rations
 v - 4 chunks of flesh


   Skills:
 + Level 6.7 Fighting
 + Level 10.8 Axes
 + Level 7.0 Armour
 + Level 3.0 Dodging
 + Level 0.7 Stealth
 + Level 7.0 Shields


You had 10 spell levels left.
You didn't know any spells.
Your spell library was empty.

Dungeon Overview and Level Annotations

Branches:
Dungeon (10/15)            Temple (0/1) D:4             Orc (0/2) D:10
   Lair: D:8-11

Altars:
Ashenzari
Cheibriados
Elyvilon
Nemelex Xobeh
Okawaru
Qazlal
Ru
Trog
Uskayaw
Vehumet
Zin
Beogh

Shops:
D:9 =

Annotations:
D:10 Urug


Innate Abilities, Weirdness & Mutations

You have a pair of large horns on your head.
You have a somewhat thin skeletal structure. (Dex +2, Stealth)
You sometimes gain a little power by taking damage.
You are frail. (-10% HP)


Message History

The javelin of penetration pierces through you!
* * * LOW HITPOINT WARNING * * *
You focus on the pain.
You feel very mighty all of a sudden.
Items here: ))) [[ †† Urug throws a javelin of penetration.
The javelin of penetration barely misses you.
You see here 2 javelins of penetration.
Urug throws a javelin of penetration.
The javelin of penetration barely misses you.
You see here a javelin of penetration.
Urug throws a javelin of penetration.
The javelin of penetration pierces through you!
* * * LOW HITPOINT WARNING * * *
Urug stares with her one eyeball.
Urug throws a javelin of penetration.
The javelin of penetration pierces through you but does no damage.
Urug throws a javelin of penetration.
The javelin of penetration pierces through you!
You die...

.......# #.............#
.......# #.............#
##'##### #....)........#
#.#######.............#
##'#...................#
#...............######.#
#...............## .#
#................# .#
...#...........#@#####.#
..................(.(#.#
...#######.#####..###o#######
..## #.# ##.# #(#.....# .(# #
##.###o8†)...# ..#
.......)o))...# ..#
........8))⌠..# ...#
......#.#.....# ...#
......#.#.....#


You could see Urug.

Vanquished Creatures
  2 orc sorcerers (D:9)
  A manticore (D:8)
  Joseph (D:8)
  A troll (D:9)
  A hippogriff (D:10)
  15 yaks (D:9)
  A vampire (D:9)
  A wyvern (D:9)
  A spriggan (D:7)
  Menkaure (D:7)
  Duvessa (D:5)
  A water moccasin (D:6)
  4 orc warriors
  A black bear (D:6)
  3 ogres
  2 phantoms
  A centaur (D:8)
  A big kobold (D:8)
  2 bullfrogs
  5 scorpions
  Dowan (D:5)
  5 howler monkeys
  6 crimson imps
  3 quasits
  2 centaur zombies
  A bullfrog zombie (D:6)
  4 hounds
  3 jellies
  3 orc priests (D:10)
  A bullfrog skeleton (D:5)
  3 orc wizards
  3 iguanas (D:6)
  7 worker ants
  A hound skeleton (D:6)
  A worker ant zombie (D:7)
  7 gnolls
  23 adders
  A shadow imp (D:9)
  An ooze (D:2)
  An adder zombie (D:8)
  2 adder skeletons
  2 worms
  A dart slug (D:4)
  10 leopard geckos
  37 orcs
  10 bats
  5 giant cockroaches
  11 goblins
  12 hobgoblins
  12 jackals
  5 kobolds
  2 quokkas
  6 frilled lizards
  A leopard gecko skeleton (D:5)
  10 rats
249 creatures vanquished.

Notes
Turn   | Place    | Note
-------+----------+-------------------------------------------
     0 | D:1      | galech the Demonspawn Berserker began the quest for the
                  | Orb.
     0 | D:1      | Reached XP level 1. HP: 18/18 MP: 1/1
    67 | D:1      | Gained mutation: You have a somewhat thin skeletal
                  | structure. (Dex +2, Stealth) [demonic ancestry]
    67 | D:1      | Reached XP level 2. HP: 13/24 MP: 2/2
   303 | D:1      | Reached skill level 3 in Axes
   386 | D:1      | Reached ** piety under Trog
   423 | D:1      | Reached XP level 3. HP: 21/29 MP: 3/3
  1162 | D:2      | Found a faded altar of an unknown god.
  1438 | D:2      | Reached XP level 4. HP: 22/36 MP: 4/4
  2130 | D:3      | Reached skill level 4 in Axes
  2145 | D:3      | Reached XP level 5. HP: 32/41 MP: 5/5
  2172 | D:3      | Found a white marble altar of Elyvilon.
  2590 | D:3      | Reached *** piety under Trog
  2977 | D:4      | Gained mutation: You have a pair of small horns on your
                  | head. [demonic ancestry]
  2977 | D:4      | Reached XP level 6. HP: 45/48 MP: 6/6
  3012 | D:4      | Found a staircase to the Ecumenical Temple.
  3071 | D:4      | Received a gift from Trog
  3072 | D:4      | Reached skill level 5 in Axes
  3104 | D:4      | Reached skill level 1 in Shields
  3125 | D:4      | Noticed Menkaure
  3485 | D:4      | Found a stormy altar of Qazlal.
  3497 | D:4      | Reached XP level 7. HP: 44/54 MP: 7/7
  3685 | D:5      | Entered Level 5 of the Dungeon
  3889 | D:5      | Noticed Duvessa
  3889 | D:5      | Noticed Dowan
  3893 | D:5      | Killed Dowan
  3893 | D:5      | Reached skill level 6 in Axes
  3897 | D:5      | Killed Duvessa
  4283 | D:5      | Found a snail-covered altar of Cheibriados.
  4309 | D:5      | Reached **** piety under Trog
  4309 | D:5      | Gained mutation: You have a pair of horns on your head.
                  | [demonic ancestry]
  4309 | D:5      | Reached XP level 8. HP: 61/61 MP: 8/8
  4564 | D:6      | Reached skill level 7 in Axes
  4909 | D:6      | Found a bloodstained altar of Trog.
  5207 | D:7      | Reached skill level 8 in Axes
  5241 | D:7      | Found a sacrificial altar of Ru.
  5271 | D:7      | Killed Menkaure
  5319 | D:7      | Reached XP level 9. HP: 67/67 MP: 9/9
  5461 | D:7      | Reached skill level 5 in Armour
  5731 | D:7      | Found an iron altar of Okawaru.
  5731 | D:7      | Found a shattered altar of Ashenzari.
  5896 | D:8      | Found a radiant altar of Vehumet.
  5909 | D:8      | Reached skill level 5 in Fighting
  5921 | D:8      | Received a gift from Trog
  6223 | D:8      | Noticed Joseph
  6235 | D:8      | Killed Joseph
  6318 | D:8      | Noticed a manticore
  6329 | D:8      | Killed a manticore
  6329 | D:8      | Reached skill level 9 in Axes
  6329 | D:8      | Reached skill level 5 in Shields
  6344 | D:8      | Reached ***** piety under Trog
  6593 | D:8      | Found a sparkling altar of Nemelex Xobeh.
  6594 | D:8      | Found a hide-covered altar of Uskayaw.
  6709 | D:9      | Found Iliogrupua's Jewellery Shoppe.
  6739 | D:9      | Gained mutation: You sometimes gain a little power by
                  | taking damage. [demonic ancestry]
  6739 | D:9      | Reached XP level 10. HP: 73/75 MP: 10/10
  6909 | D:9      | Reached skill level 10 in Axes
  6910 | D:9      | Received a gift from Trog
  6931 | D:9      | Noticed an orc sorcerer
  6947 | D:9      | Gained mutation: You are frail. (-10% HP) [a neqoxec]
  7045 | D:9      | Killed an orc sorcerer
  7059 | D:9      | Noticed an orc sorcerer
  7068 | D:9      | Paralysed by an orc sorcerer for 5 turns
  7074 | D:9      | Killed an orc sorcerer
  7486 | D:9      | Found a glowing silver altar of Zin.
  7486 | D:9      | Noticed an angel
  7553 | D:10     | Entered Level 10 of the Dungeon
  7635 | D:10     | Found a roughly hewn altar of Beogh.
  7635 | D:10     | Found a staircase to the Orcish Mines.
  7652 | D:10     | Gained mutation: You have a pair of large horns on your
                  | head. [demonic ancestry]
  7652 | D:10     | Reached XP level 11. HP: 74/74 MP: 11/11
  7653 | D:10     | Noticed Urug
  7687 | D:10     | Hit by a javelin of penetration thrown by Urug

Vault maps used:
D:1:      lordsloth_arrival_two_stooges, serial_glass, glass_columns_a,
          glass_columns_a, glass_columns_b, glass_columns_b, glass_columns_a,
          glass_columns_a
D:2:      chequers_ecumenical_altar_simple
D:3:      elyvilon_altar_5
D:4:      old_standard_altar, minmay_temple_entry_nine_rooms, first_ration,
          minmay_goblin_outpost, uniq_menkaure
D:5:      cheibriados_altar_1, uniq_duvessa
D:6:      trog_butcher_becter
D:7:      lemuel_doored_altar, gammafunk_temple_overflow_elements, the_bakery
D:8:      gammafunk_temple_overflow_pools, vehumet_crystals,
          nicolae_zen_rock_garden, minivault_26, uniq_joseph
D:9:      cheibrodos_wizards_tower, zin_angel, serial_shops, shop
D:10:     david_orc_5, uniq_sonja, uniq_urug, uniq_grum

Skill      XL: |  1  2  3  4  5  6  7  8  9 10 11 |
---------------+----------------------------------+-----
Axes           | 3 4 5 6 8 9 10 | 10.8
Armour         | 2 3 4 6 7 |  7.0
Dodging        | 2 3 |  3.0
Shields        | 1 2 3 5 7 |  7.0
Fighting       | 4 5 6 |  6.7
Stealth        | |  0.7

Action                   |  1- 3 |  4- 6 |  7- 9 | 10-12 || total
-------------------------+-------+-------+-------+-------++-------
Melee: Hand axe          |   129 |   204 |   203 |    34 ||   570
       War axe           |       |    90 |    46 |    84 ||   220
       Headbutt          |       |    18 |    64 |    36 ||   118
Invok: Berserk           |     1 |       |     2 |     3 ||     6
       Trog's Hand       |       |       |     1 |     1 ||     2
  Use: Potion            |       |       |       |     1 ||     1
 Stab: Sleeping          |     1 |       |       |       ||     1
  Eat: Chunk             |     3 |     6 |    14 |     5 ||    28
Armor: Animal skin       |    11 |       |       |       ||    11
       Ring mail         |    44 |    39 |       |       ||    83
       Chain mail        |       |    57 |       |       ||    57
       Plate armour      |       |     7 |    87 |    34 ||   128
Dodge: Dodged            |   112 |   149 |    29 |    20 ||   310
Block: Large shield      |       |   122 |   145 |    79 ||   346

Table legend:
 A = Non-vault XP
 B = Vault XP
 C = Vault XP percentage of total XP
 D = Non-vault monster count
 E = Vault monster count
 F = Vault count percentage of total count
                 A         B        C        D         E       F
            +---------+---------+-------+---------+---------+-------
      Total |    8481 |    2832 |  25.0 |     209 |      40 |  16.1
            +---------+---------+-------+---------+---------+-------
        D:1 |      46 |       0 |   0.0 |      25 |       0 |   0.0
        D:2 |      96 |       0 |   0.0 |      23 |       0 |   0.0
        D:3 |     144 |       0 |   0.0 |      31 |       0 |   0.0
        D:4 |     479 |      13 |   2.6 |      15 |       7 |  31.8
        D:5 |     446 |     215 |  32.5 |      23 |       2 |   8.0
        D:6 |     590 |     233 |  28.3 |      14 |       4 |  22.2
        D:7 |     476 |     374 |  44.0 |      11 |       2 |  15.4
        D:8 |    1564 |     439 |  21.9 |      28 |       1 |   3.4
        D:9 |    4199 |    1119 |  21.0 |      31 |       2 |   6.1
       D:10 |     441 |     439 |  49.9 |       8 |      22 |  73.3
            +---------+---------+-------+---------+---------+-------
